 Dungeon Crawl Stone Soup version 0.27.1-33-g824d729ab1 (webtiles) character file.

Game seed: 110816763667889696

2179 Tirrikindir the Carver (level 9, -2/59 HPs)
             Began as an Octopode Fighter on Dec 23, 2021.
             Was an Elder of Zin.
             Slain by a troll (12 damage)
             ... on level 7 of the Dungeon.
             The game lasted 00:21:36 (7149 turns).

Tirrikindir the Carver (Octopode Fighter)           Turns: 7149, Time: 00:21:38

Health: -2/59      AC:  1    Str: 16    XL:     9   Next: 33%
Magic:  12/12      EV: 12    Int: 17    God:    Zin [****..]
Gold:   277        SH: 12    Dex: 13    Spells: 8/8 levels left

rFire    . . .     SeeInvis .   a - +1 long sword
rCold    . . .     Faith    .   b - +3 kite shield
rNeg     . . .     Spirit   .   (helmet restricted)
rPois    +         Reflect  .   (no amulet)
rElec    .         Harm     .   l - ring of poison resistance
rCorr    .         Rampage  .   q - ring of flight
Will     .....                  w - +6 ring of intelligence
Stlth    ++++......             (no ring)
HPRegen  0.19/turn              (no ring)
MPRegen  0.13/turn              (no ring)
                                (no ring)
                                (no ring)

@: flying
A: almost no armour, amphibious, 8 rings, camouflage 1, gelatinous body 1,
(nimble swimmer 1), tentacles
a: Renounce Religion, Recite, Vitalisation, Imprison, Donate Gold


You were on level 7 of the Dungeon.
You worshipped Zin.
Zin was greatly pleased with you.
You visited 2 branches of the dungeon, and saw 8 of its levels.
You also visited: Ossuary.

You collected 307 gold pieces.
You donated 30 gold pieces to Zin.

Inventory:

Hand Weapons
 a - a +1 long sword (weapon)
 m - a +3 short sword of venom
Missiles
 c - a throwing net
 o - 33 poisoned darts (quivered)
Armour
 b - a +3 kite shield (worn)
Jewellery
 l - a ring of poison resistance (left tentacle)
 q - a ring of flight (right tentacle)
 w - a +6 ring of intelligence (on tentacle)
Wands
 r - a wand of paralysis (4)
Scrolls
 e - a scroll of brand weapon {unknown}
 f - 3 scrolls of blinking
 j - 5 scrolls of teleportation
 p - a scroll of amnesia {unknown}
 s - a scroll of vulnerability {unknown}
 u - a scroll of silence {unknown}
 v - 2 scrolls of immolation
Potions
 d - a potion of curing
 g - 2 potions of lignification
 i - 2 potions of brilliance {unknown}
 k - 2 potions of magic {unknown}
 n - 3 potions of flight {unknown}
 t - 2 potions of resistance {unknown}


   Skills:
 * Level 4.6 Fighting
 * Level 8.3 Long Blades
 * Level 4.6 Dodging
 + Level 6.4 Stealth
 * Level 4.6 Shields
 + Level 4.4 Invocations
 + Level 0.8 Evocations


You had 8 spell levels left.
You didn't know any spells.
Your spell library contained the following spells:

 Spells                   Type           Power      Damage    Failure   Level
 Sandblast                Erth           0%         2d4       65%         1
 Passwall                 Tmut/Erth      0%         N/A       80%         2
 Sublimation of Blood     Necr           0%         N/A       80%         2
 Wereblood                Tmut           0%         N/A       80%         2
 Conjure Flame            Conj/Fire      0%         6-21      95%         3
 Dazzling Flash           Conj/Hex       0%         N/A       95%         3
 Ignite Poison            Fire/Tmut/Pois 0%         N/A       95%         3
 Stone Arrow              Conj/Erth      0%         3d7       95%         3
 Sticky Flame             Conj/Fire      0%         2d3       100%        4
 Agony                    Necr           0%         N/A       100%        5
 Bolt of Magma            Conj/Fire/Erth 0%         4d4       100%        5
 Lee's Rapid Deconstruct  Erth           0%         3d5*      100%        5
 Silence                  Hex/Air        0%         N/A       100%        5
 Summon Hydra             Summ           0%         N/A       100%        7
 Shatter                  Erth           0%         3d5*      100%        9


Dungeon Overview and Level Annotations

Branches:
Dungeon (7/15)             Temple (1/1) D:6         Ossuary (visited)

Altars:
Cheibriados
Dithmenos
Elyvilon
Fedhas
Kikubaaqudgha
Nemelex Xobeh
Okawaru
Qazlal
Ru
Sif Muna
Trog
Uskayaw
Vehumet
Wu Jian
Xom
Yredelemnul
Zin
The Shining One


Innate Abilities, Weirdness & Mutations

You cannot wear most types of armour.
You are amphibious.
You can wear up to eight rings at the same time.
Your skin changes colour to match your surroundings (Stealth+).
Your rubbery body absorbs attacks. (AC +1, EV +1)
((You are camouflaged near water. (Stealth+)))
You have tentacles for arms and can constrict up to eight enemies at once.


Message History

Where to? (Enter - D:6 @ (x,y), ? - help)
There is a stone staircase leading down here.
You fly downwards.
Found a scroll labelled TAPLAU ROGEA.
There is a stone staircase leading up here.
An ice beast is nearby!
A troll comes into view.
You see here a scroll labelled TAPLAU ROGEA.
e - a scroll labelled TAPLAU ROGEA
Okay, then.
The helpless troll fails to defend itself.
You hit the troll. Your squeeze misses the troll.
The troll is lightly wounded.
The troll closely misses you. The troll claws you!
You block the troll's attack.
You slash the troll!
The troll is moderately wounded.
The troll closely misses you. You block the troll's attack.
The troll claws you!
You closely miss the troll.
The troll is moderately wounded.
The troll closely misses you. The troll barely misses you.
The troll closely misses you.
You hit the troll.
The troll is moderately wounded.
The troll bites you!! The troll claws you. The troll barely misses you.
You feel much better. The troll bites you!! The troll claws you! x2
* * * LOW HITPOINT WARNING * * *
You slash the troll!
The troll is heavily wounded.
You block the troll's attack. The troll closely misses you.
You block the troll's attack.
You slash the troll!
You squeeze the troll, but do no damage.
The troll is almost dead.
The troll barely misses you.
You riposte.
You hit the troll.
The troll is almost dead.
The troll barely misses you. You block the troll's attack.
The troll completely misses you. The troll claws you!
You die...

#..####### #
#........# .#
#.##.....##..#
#^...........#
####.......#.##
#....<.....#
#....##.##.#.#
#............#
Y........@##.###
.........T# #
...........
###...###.##
#... #.# #.. #..
## ###


You could see a troll.

Vanquished Creatures
  Pikel (D:4)
  Eustachio (D:4)
  3 necrophages
  An ogre (D:5)
  A lemure (D:3)
  A scorpion (D:4)
  8 water moccasin zombies
  2 howler monkeys
  2 bullfrog skeletons
  2 bullfrog zombies
  3 hounds
  A centaur skeleton (D:5)
  An orc priest (D:4)
  2 iguanas
  Terence (D:2)
  3 orc wizards
  2 mummies (Ossuary)
  A hound skeleton (D:4)
  6 adders
  2 white imps
  An ufetubus (D:3)
  3 worms
  5 adder zombies (Ossuary)
  A dart slug (D:3)
  15 orcs
  4 endoplasms
  6 giant cockroaches
  4 goblins
  6 hobgoblins
  3 jackals
  A quokka (D:4)
  6 ball pythons
  6 bats
  8 frilled lizards
  4 gnoll zombies (Ossuary)
  5 hobgoblin zombies (Ossuary)
  8 kobolds
  2 kobold zombies (Ossuary)
  6 orc zombies (Ossuary)
  3 rats
141 creatures vanquished.

Notes
Turn   | Place    | Note
-------+----------+-------------------------------------------
     0 | D:1      | Tirrikindir the Octopode Fighter began the quest for the
                  | Orb.
     0 | D:1      | Reached XP level 1. HP: 16/16 MP: 1/1
   437 | D:1      | Reached XP level 2. HP: 21/21 MP: 2/2
   472 | D:1      | Reached skill level 1 in Stealth
   645 | D:1      | Found a faded altar of an unknown god.
   662 | D:1      | Became a worshipper of Zin the Law-Giver
   662 | D:1      | Reached * piety under Zin
  1314 | D:2      | Reached XP level 3. HP: 19/26 MP: 3/3
  1642 | D:2      | Noticed Terence
  1647 | D:2      | Killed Terence
  1648 | D:2      | Reached XP level 4. HP: 22/31 MP: 4/4
  2169 | D:3      | Reached ** piety under Zin
  2202 | D:3      | Reached skill level 3 in Long Blades
  2234 | D:3      | Found a stormy altar of Qazlal.
  3024 | D:4      | Found a sand-covered staircase.
  3035 | Ossuary  | Entered an ossuary
  3059 | Ossuary  | Reached XP level 5. HP: 31/36 MP: 5/5
  3280 | Ossuary  | Reached skill level 1 in Invocations
  3280 | Ossuary  | Reached XP level 6. HP: 23/43 MP: 6/6
  3451 | Ossuary  | Reached skill level 4 in Long Blades
  3455 | Ossuary  | Zin protects you from harm!
  3745 | Ossuary  | Reached *** piety under Zin
  3762 | Ossuary  | Reached XP level 7. HP: 41/48 MP: 8/8
  3975 | D:4      | Found a radiant altar of Vehumet.
  3991 | D:4      | Reached skill level 5 in Long Blades
  4186 | D:4      | Noticed Pikel
  4461 | D:4      | Reached skill level 5 in Stealth
  4664 | D:4      | Noticed Eustachio
  4673 | D:4      | Killed Eustachio
  4674 | D:4      | Reached XP level 8. HP: 33/54 MP: 8/10
  4750 | D:4      | Reached skill level 6 in Long Blades
  4876 | D:4      | Killed Pikel
  4877 | D:4      | Reached skill level 7 in Long Blades
  5061 | D:4      | Reached skill level 8 in Long Blades
  5232 | D:4      | You are sucked into a shaft and drop 2 floors!
  5357 | D:6      | Reached XP level 9. HP: 58/58 MP: 12/12
  5393 | D:6      | Found a staircase to the Ecumenical Temple.
  5411 | Temple   | Entered the Ecumenical Temple
  5589 | D:5      | Entered Level 5 of the Dungeon
  5611 | D:5      | Reached **** piety under Zin
  7135 | D:7      | Noticed a troll
  7149 | D:7      | Slain by a troll

Illustrated notes

Levels and vault maps discovered:
D:1:      sevenhm_arrival_forest_fort_large_2, layout_basic,
          ebering_ecumenical_altar_box
D:2:      layout_loops_cross, kennysheep_generic_room_13, uniq_terence
D:3:      layout_rooms, grunt_qazlal_sundering, minmay_surrounded
D:4:      layout_gridville, mainiacjoe_overflow_cross_hatched,
          nicolae_ossuary_entry_monument, minmay_checkerbox, uniq_pikel,
          uniq_eustachio
D:5:      layout_basic, grunt_decor_junction, amethyst_killhole
D:6:      layout_basic, minmay_temple_entry_offerings,
          amcnicky_mini_corridor_feature, kennysheep_boxes
D:7:      layout_loops_ring, mainiacjoe_overflow_paths
Temple:   regret_index_temple_sphere_string

Skill      XL: |  1  2  3  4  5  6  7  8 |
---------------+-------------------------+-----
Stealth        | 1 2 3 5 6 |  6.4
Long Blades    | 3 4 5 8 |  8.3
Invocations    | 1 3 4 |  4.4
Fighting       | 4 |  4.6
Dodging        | 4 |  4.6
Shields        | 4 |  4.6
Evocations     | |  0.8

Action                   |  1- 3 |  4- 6 |  7- 9 || total
-------------------------+-------+-------+-------++-------
Melee: Long sword        |    52 |    93 |   152 ||   297
       Constrict         |    14 |    31 |    40 ||    85
       Tentacles         |    13 |    22 |    33 ||    68
Throw: Dart              |       |     1 |     1 ||     2
Invok: Vitalisation      |       |     2 |     3 ||     5
  Use: Scroll            |     2 |     5 |     7 ||    14
       Potion            |     1 |     3 |     3 ||     7
 Stab: Sleeping          |     8 |     8 |    13 ||    29
Armor: Skin              |     4 |     8 |    13 ||    25
Dodge: Dodged            |    27 |    58 |    58 ||   143
Block: Kite shield       |    22 |    48 |    66 ||   136
       Rpst.: Long sword |     7 |    22 |    23 ||    52
